 Dungeon Crawl Stone Soup version 0.19-a0-1065-gdac414d (webtiles) character file.

118597 Gruud the Black Belt (level 16, -1/116 HPs)
             Began as a Demonspawn Hunter on Aug 2, 2016.
             Was the Champion of Makhleb.
             Slain by an entropy weaver (3 damage)
             ... on level 2 of the Spider Nest on Aug 3, 2016.
             The game lasted 02:01:25 (22836 turns).

Gruud the Black Belt (Demonspawn Hunter)           Turns: 22836, Time: 02:01:27

Health: -1/116     AC:  3    Str: 15    XL:     16   Next: 25%
Magic:  0/32       EV: 14    Int: 16    God:    Makhleb [******]
Gold:   1010       SH:  0    Dex: 15    Spells: 1 memorised, 10 levels left

rFire  . . .     SeeInvis +       - Unarmed
rCold  + + .     Gourm    .     N - +4 chain mail {rC+}
rNeg   . . .     Faith    .     (no shield)
rPois  +         Spirit   +     g - +2 hat
rElec  .         Dismiss  .     h - +0 cloak of the Hanged Man {+Blink Slay+2 SInv}
rCorr  .         Reflect  .     (gloves unavailable)
SustAt .         Harm     .     T - +2 pair of boots {run}
MR     +....     Rnd*Rage +     S - amulet of magic regeneration
Stlth  ..........               G - ring of poison resistance
                                U - ring of magical power

@: corroded, very slightly contaminated, invisible, quick
A: antennae 1, claws 3, berserk 1, cold resistance 1, powered by pain 1, magic
shield, magic regeneration, magic link, sturdy frame 3
a: Minor Destruction, Lesser Servant of Makhleb, Major Destruction, Greater
Servant of Makhleb, Renounce Religion, Evoke Blink


You were on level 2 of the Spider Nest.
You worshipped Makhleb.
Makhleb was exalted by your worship.
You were full.

You visited 6 branches of the dungeon, and saw 24 of its levels.
You also visited: Bailey and Ice Cave.

You collected 2621 gold pieces.
You spent 1611 gold pieces at shops.

Inventory:

Hand Weapons
 b - a +3 blowgun
Missiles
 c - 8 javelins (quivered)
 E - 9 curare-tipped needles
 J - 2 poisoned tomahawks
 M - 6 tomahawks of returning
Armour
 a - a +2 shield
 g - a +2 hat (worn)
 h - the +0 cloak of the Hanged Man (worn) {+Blink Slay+2 SInv}
   (You found it on level 4 of the Lair of Beasts)

   It affects your accuracy and damage with ranged weapons and melee attacks
   (+2).
   It lets you see invisible.
   It lets you blink.
 s - a +1 plate armour of poison resistance
 N - a +4 chain mail of cold resistance (worn)
 O - the +3 hat of Pondering {ponderous, MR+ MP+10 Int+5}
   (You found it on level 2 of the Orcish Mines)

   It affects your intelligence (+5).
   It affects your resistance to hostile enchantments.
   It affects your magic capacity (+10).
 T - a +2 pair of boots of running (worn)
Jewellery
 D - an uncursed ring of sustain attributes
 G - a ring of poison resistance (right claw)
 I - an uncursed ring of wizardry
 K - an uncursed ring of fire
 S - an amulet of magic regeneration (around neck)
 U - a ring of magical power (left claw)
 W - a +2 ring of slaying
 Y - an uncursed amulet of faith
Wands
 d - a wand of flame (0/48)
 j - a wand of lightning (1/15)
 q - a wand of iceblast (9/15)
 x - a wand of enslavement (3/24)
 F - a wand of digging (12/24)
 L - a wand of teleportation (9/9)
 X - a wand of iceblast (4/15)
Scrolls
 e - 4 scrolls of identify
 l - 4 scrolls of teleportation
 u - a scroll of enchant armour
 w - a scroll of recharging
 z - 3 scrolls of amnesia
 B - 2 scrolls of magic mapping
 C - 2 scrolls of immolation
 H - 3 scrolls of blinking
 P - 2 scrolls of fear
 V - 6 scrolls of remove curse
Potions
 i - a potion of cure mutation
 k - 4 potions of curing
 m - 4 potions of flight
 p - 4 potions of resistance
Books
 R - an Akashic Record

   Spells                             Type                      Level
   a - Dispersal                      Translocation                6
   b - Malign Gateway                 Summoning/Translocation      7
   c - Disjunction                    Translocation                8
   d - Controlled Blink               Translocation                8
Miscellaneous
 y - a lamp of fire
 Q - a phantom mirror
Comestibles
 f - 5 bread rations
 r - 12 royal jellies
 v - 4 fruits
 A - 9 meat rations


   Skills:
 + Level 7.7 Fighting
 - Level 4.6 Throwing
 + Level 11.5 Armour
 + Level 9.8 Dodging
 - Level 0.8 Stealth
 * Level 17.6 Unarmed Combat
 + Level 10.5 Invocations


You had 10 spell levels left.
You knew the following spells:

 Your Spells              Type           Power        Failure   Level  Hunger
a - Silence               Hex/Air        #.........   100%        5    ######.


Dungeon Overview and Level Annotations

Branches:
Dungeon (12/15)            Temple (1/1) D:6            Lair (6/6) D:9
  Swamp (1/4) Lair:3       Spider (2/4) Lair:4        Slime (0/5) Lair:5
    Orc (2/2) D:11            Elf (0/3) Orc:2

Altars:
Ashenzari
Cheibriados
Dithmenos
Elyvilon
Fedhas
Gozag
Hepliaklqana
Kikubaaqudgha
Makhleb
Nemelex Xobeh
Okawaru
Pakellas
Qazlal
Ru
Sif Muna
Trog
Uskayaw
Vehumet
Xom
Yredelemnul
Zin
The Shining One
Beogh
Jiyva

Shops:
D:9 (}?(   Orc:2 [:*!

Annotations:
D:7 disint for Zin vault, 1 runed door, exclusion: door


Innate Abilities, Weirdness & Mutations

You have claws for hands.
You sometimes gain a little power by taking damage.
When hurt, damage is shared between your health and your magic reserves.
You regenerate magic rapidly.
When low on magic, you restore magic in place of health.
Your movements are significantly less encumbered by armour. (ER -6)
You have a pair of small antennae on your head.
You tend to lose your temper in combat.
Your flesh is cold resistant. (rC+)


Message History

The entropy weaver hits you. The entropy weaver hits you! x2
* * * LOW HITPOINT WARNING * * *
The entropy weaver hits you.
* * * LOW HITPOINT WARNING * * *
A demon appears!
The entropy weaver barely misses you. The entropy weaver hits you!
* * * LOW HITPOINT WARNING * * *
The entropy weaver hits you!
* * * LOW HITPOINT WARNING * * *
The entropy weaver misses you.
You miss the entropy weaver.
The entropy weaver is heavily wounded.
You closely miss the entropy weaver. You claw the entropy weaver.
The entropy weaver is heavily wounded.
The entropy weaver hits you!
* * * LOW HITPOINT WARNING * * *
The entropy weaver misses you. The entropy weaver hits you.
* * * LOW HITPOINT WARNING * * *
The entropy weaver hits you.
You die...

#....## ##....#.....
......#. ..#^.##
#..#..$.#.# .# ....#..
......###.#.^#...#. #..
#....#.
......##...............
...#..^#
#..#...:.......##....#
. #.....
........##.^##.^###..
#.#...
....##...#....#.^..#
....#..
..#...#.......#.#a.#
#..###.
..^.#...#.#..^††@4.#
......
..#..#######|†.#..##
#..... #...##
##^####### ....#.# ##..
#^## .....## ### #####


You could see an entropy weaver and a friendly orange demon.

Vanquished Creatures
  Arachne (Spider:2)
  Rupert (Lair:3)
  Kirke (Lair:4)
  2 orc warlords (Orc:2)
  Louise (Spider:1)
  Nessos (Lair:4)
  Josephine (D:10)
  3 ice dragons
  Erica (Orc:1)
  3 hydras
  4 orc high priests (Orc:2)
  2 lindwurms (Lair:6)
  4 orc knights (Orc:2)
  4 orc sorcerers (Orc:2)
  A hornet (Lair:6)
  An orb spider (Spider:1)
  6 wolf spiders
  15 elephants (Lair:6)
  2 ice statues (IceCv)
  9 black mambas
  A guardian serpent (Lair:6)
  12 spiny frogs
  6 torpor snails (Lair:6)
  4 komodo dragons
  7 demonic crawlers
  3 rime drakes
  6 jumping spiders
  6 trolls
  4 blink frogs
  4 giant leeches
  3 two-headed ogres (Orc:2)
  19 redbacks
  Sigmund (D:4)
  3 wraiths (D:10)
  6 wyverns (Lair:6)
  53 yaks
  18 tarantellas
  4 hogs (Lair:4)
  8 hippogriffs
  3 insubstantial wisps (Swamp:1)
  2 wargs (Orc:2)
  A swamp worm (Swamp:1)
  12 water moccasins
  10 porcupines
  18 ice beasts
  2 sky beasts
  A phantom (D:8)
  46 orc warriors
  19 ogres
  9 wasps
  3 wolves (Lair:1)
  A centaur (D:7)
  16 crocodiles
  11 giant frogs
  A big kobold (D:11)
  A wyvern zombie (D:6)
  A water moccasin skeleton (D:5)
  A scorpion (D:8)
  5 killer bees (D:10)
  7 wights
  6 howler monkeys
  2 electric eels (Spider:1)
  A crimson imp (D:10)
  3 centaur zombies
  2 centaur skeletons
  5 jellies
  6 hounds
  30 orc priests
  17 orc wizards
  5 iguanas
  Natasha (thrice) (D:3)
  9 worker ants
  22 sheep
  A killer bee zombie (D:5)
  A hound skeleton (D:6)
  Robin (D:2)
  3 gnolls (D:6)
  A howler monkey skeleton (D:5)
  21 river rats
  28 adders
  A shadow imp (D:6)
  7 oozes
  An adder zombie (D:5)
  An adder skeleton (D:5)
  A worm (D:3)
  3 dart slugs
  9 giant geckos
  106 orcs
  A ball python (D:6)
  5 giant cockroaches
  21 goblins
  12 hobgoblins
  23 jackals
  2 quokkas
  6 bats
  3 giant newts
  3 kobolds
  A quokka skeleton (D:6)
  6 rats
  A fungus (Lair:6)
  A plant (Lair:6)
782 creatures vanquished.

Vanquished Creatures (collateral kills)
  A hydra (Lair:5)
  An orb spider (Spider:2)
  A rime drake (Lair:3)
  A jumping spider (Spider:2)
  2 hippogriffs (Lair:3)
  3 orc warriors (Orc:2)
  4 wolves (Lair:3)
  A giant frog (Lair:2)
  5 orc priests (Orc:2)
  7 sheep (Lair:3)
  5 orcs (Orc:2)
31 creatures vanquished.

Vanquished Creatures (others)
  A spriggan (Swamp:1)
  A blink frog (Lair:6)
  A wyvern (Lair:6)
  2 wasps
  An adder (Lair:6)
  3 briar patches (Swamp:1)
  18 fungi (Lair:6)
  37 plants
64 creatures vanquished.

Grand Total: 877 creatures vanquished

Notes
Turn   | Place    | Note
-------+----------+-------------------------------------------
     0 | D:1      | Gruud the Demonspawn Hunter began the quest for the Orb.
     0 | D:1      | Reached XP level 1. HP: 16/16 MP: 1/1
   201 | D:1      | Gained mutation: When hurt, damage is shared between your health and your magic reserves. [demonic ancestry]
   201 | D:1      | Reached XP level 2. HP: 20/22 MP: 2/2
   611 | D:1      | Gained mutation: Your movements are slightly less encumbered by armour. (ER -2) [demonic ancestry]
   611 | D:1      | Reached XP level 3. HP: 17/28 MP: 0/3
  1134 | D:2      | Noticed Robin
  1187 | D:2      | Killed Robin
  1187 | D:2      | Gained mutation: You have sharp fingernails. [demonic ancestry]
  1187 | D:2      | Reached XP level 4. HP: 29/34 MP: 4/4
  1479 | D:2      | Reached skill level 1 in Unarmed Combat
  1682 | D:2      | Reached skill level 1 in Armour
  1721 | D:2      | HP: 1/34 [poisoned by an adder]
  2197 | D:3      | Noticed Natasha
  2203 | D:2      | Gained mutation: You have very sharp fingernails. [demonic ancestry]
  2203 | D:2      | Reached XP level 5. HP: 36/39 MP: 5/5
  2218 | D:3      | Killed Natasha
  2218 | D:3      | Reached skill level 2 in Unarmed Combat
  2730 | D:3      | Found a white marble altar of Elyvilon.
  2730 | D:3      | Found an opulent altar of Gozag.
  2776 | D:3      | Noticed Natasha
  2832 | D:3      | Killed Natasha
  2990 | D:3      | Reached skill level 3 in Unarmed Combat
  3324 | D:3      | Noticed Natasha
  3335 | D:3      | Killed Natasha
  3335 | D:3      | Gained mutation: You regenerate magic rapidly. [demonic ancestry]
  3335 | D:3      | Reached XP level 6. HP: 44/46 MP: 4/6
  3516 | D:5      | Entered Level 5 of the Dungeon
  3543 | D:4      | Noticed Sigmund
  3911 | D:5      | Reached skill level 4 in Unarmed Combat
  3933 | D:5      | Noticed a sky beast
  3979 | D:5      | Killed a sky beast
  3979 | D:5      | Reached XP level 7. HP: 38/51 MP: 7/7
  4161 | D:5      | Reached skill level 5 in Unarmed Combat
  4885 | D:6      | Reached skill level 6 in Unarmed Combat
  4885 | D:6      | Gained mutation: Your movements are less encumbered by armour. (ER -4) [demonic ancestry]
  4885 | D:6      | Reached XP level 8. HP: 31/57 MP: 5/8
  5315 | D:6      | Found a staircase to the Ecumenical Temple.
  5325 | Temple   | Entered the Ecumenical Temple
  5542 | D:6      | Reached skill level 5 in Armour
  5542 | D:6      | Reached skill level 7 in Unarmed Combat
  6634 | D:4      | Killed Sigmund
  6634 | D:4      | Reached skill level 8 in Unarmed Combat
  6634 | D:4      | Reached XP level 9. HP: 55/62 MP: 6/9
  7251 | D:8      | Found an oddly glowing altar of Pakellas.
  7253 | D:8      | Found a radiant altar of Vehumet.
  7254 | D:8      | Found a burning altar of Makhleb.
  7262 | D:8      | Became a worshipper of Makhleb the Destroyer
  7304 | D:8      | Found a flagged portal.
  7327 | D:8      | Gained mutation: You tend to lose your temper in combat. [mutagenic meat]
  7330 | D:8      | Gained mutation: You have a pair of small antennae on your head. [mutagenic meat]
  7333 | D:8      | Gained mutation: Your spells are a little easier to cast, but a little less powerful. [mutagenic meat]
  7336 | D:8      | Lost mutation: Your spells are a little easier to cast, but a little less powerful. [mutagenic meat]
  7342 | Bailey   | Entered a bailey
  7657 | Bailey   | Reached * piety under Makhleb
  7859 | Bailey   | Reached skill level 9 in Unarmed Combat
  8094 | Bailey   | Noticed an orc knight
  8094 | Bailey   | Noticed an orc knight
  8289 | D:7      | Reached skill level 1 in Invocations
  8308 | D:7      | Found a glowing silver altar of Zin.
  8378 | D:7      | Gained mutation: Your flesh is cold resistant. (rC+) [potion of mutation]
  8378 | D:7      | Gained mutation: Your movements are significantly less encumbered by armour. (ER -6) [potion of mutation]
  8450 | D:7      | Found a runed door.
  9004 | D:8      | Reached ** piety under Makhleb
  9096 | D:9      | Reached skill level 13 in Unarmed Combat
  9096 | D:9      | Reached XP level 10. HP: 52/68 MP: 10/12
  9166 | D:9      | Reached *** piety under Makhleb
  9178 | D:9      | Reached XP level 11. HP: 74/74 MP: 10/14
  9432 | D:9      | Found Winyr's Weapon Emporium.
  9462 | D:9      | Found Onlok's Gadget Emporium.
  9471 | D:9      | Found Vanniss's Magic Scroll Emporium.
  9501 | D:9      | Bought a wand of teleportation (5/9) for 459 gold pieces
  9527 | D:9      | Identified a scroll of acquirement
  9583 | D:9      | Found a staircase to the Lair.
  9621 | D:9      | Found Rawear's Weapon Shoppe.
  9627 | D:10     | Entered Level 10 of the Dungeon
  9860 | D:10     | Learned a level 5 spell: Silence
  9905 | D:10     | Reached skill level 5 in Invocations
  9966 | D:10     | Reached **** piety under Makhleb
 10168 | D:10     | Noticed Josephine
 10190 | D:10     | Killed Josephine
 10750 | D:12     | Reached skill level 14 in Unarmed Combat
 10899 | D:11     | Reached ***** piety under Makhleb
 11025 | D:11     | Found a staircase to the Orcish Mines.
 11134 | D:9      | Bought a wand of acid (6/15) for 340 gold pieces
 11175 | Lair:1   | Entered Level 1 of the Lair of Beasts
 11454 | Lair:1   | Gained mutation: You sometimes gain a little power by taking damage. [demonic ancestry]
 11454 | Lair:1   | Reached XP level 12. HP: 80/80 MP: 17/17
 12182 | Lair:2   | Noticed an eight-headed hydra
 12195 | Lair:2   | Killed an eight-headed hydra
 12375 | Lair:2   | Noticed an eight-headed hydra
 12384 | Lair:2   | Killed an eight-headed hydra
 12561 | Lair:2   | Reached skill level 5 in Dodging
 13055 | Lair:3   | Noticed a five-headed hydra
 13064 | Lair:3   | Killed a five-headed hydra
 13080 | Lair:3   | Reached skill level 15 in Unarmed Combat
 13126 | Lair:3   | Found a frozen archway.
 13139 | IceCv    | Entered an ice cave
 13490 | IceCv    | Noticed an ice dragon
 13490 | IceCv    | Noticed an ice dragon
 13505 | IceCv    | Killed an ice dragon
 13528 | IceCv    | Killed an ice dragon
 13996 | Lair:3   | Noticed Rupert
 14013 | Lair:3   | Gained mutation: When low on magic, you restore magic in place of health. [demonic ancestry]
 14013 | Lair:3   | Reached XP level 13. HP: 33/85 MP: 16/18
 14023 | Lair:3   | Killed Rupert
 14331 | Lair:3   | Found a staircase to the Swamp.
 14526 | Lair:4   | Noticed Kirke
 14555 | Lair:4   | Killed Kirke
 14701 | Lair:4   | Found a hole to the Spider Nest.
 14823 | Lair:4   | Noticed Nessos
 14853 | Lair:4   | Killed Nessos
 15107 | Lair:4   | Reached skill level 10 in Armour
 15121 | Lair:4   | Got a jewelled cloak
 15132 | Lair:4   | Identified the +0 cloak of the Hanged Man {+Blink Slay+2 SInv} (You found it on level 4 of the Lair of Beasts)
 15722 | Lair:5   | Found a viscous altar of Jiyva.
 15722 | Lair:5   | Found a staircase to the Slime Pits.
 16259 | Lair:6   | Entered Level 6 of the Lair of Beasts
 16276 | Lair:6   | Reached skill level 16 in Unarmed Combat
 16367 | Lair:6   | Reached ****** piety under Makhleb
 16950 | Lair:6   | Reached XP level 14. HP: 63/96 MP: 19/19
 17005 | Lair:6   | Reached skill level 5 in Fighting
 17615 | Lair:6   | Identified a +2 pair of boots of running (You acquired it on level 6 of the Lair of Beasts)
 17948 | Lair:6   | Found a runed door.
 18605 | Lair:6   | Upgraded the game from 0.19-a0-1057-g15bb84d to 0.19-a0-1065-gdac414d
 18690 | Swamp:1  | Entered Level 1 of the Swamp
 18726 | Swamp:1  | Noticed a thorn hunter
 18895 | Orc:1    | Entered Level 1 of the Orcish Mines
 18911 | Orc:1    | Noticed Erica
 19020 | Orc:1    | Killed Erica
 19130 | Orc:2    | Entered Level 2 of the Orcish Mines
 19491 | Orc:2    | Identified the amulet "Olewu" {Gourm Int+3 Dex+2 Stlth+} (You found it on level 2 of the Orcish Mines)
 19832 | Orc:2    | Noticed an orc warlord
 19867 | Orc:2    | Killed an orc warlord
 19867 | Orc:2    | Reached skill level 17 in Unarmed Combat
 19893 | Orc:2    | Noticed an orc warlord
 19917 | Orc:2    | Killed an orc warlord
 20194 | Orc:2    | Found Zidweuc's Book Shop.
 20243 | Orc:2    | Found a roughly hewn altar of Beogh.
 20260 | Orc:2    | Found Worph's Armour Emporium.
 20472 | Orc:2    | Found Yheomil's Distillery.
 20502 | Orc:2    | Bought a potion of experience for 700 gold pieces
 20502 | Orc:2    | Gained mutation: You have claws for hands. [demonic ancestry]
 20502 | Orc:2    | Reached XP level 15. HP: 100/107 MP: 22/22
 20509 | Orc:2    | Bought a potion of invisibility for 112 gold pieces
 20515 | Orc:2    | Found Far Taeb's General Store.
 20568 | Orc:2    | Found a roughly hewn altar of Beogh.
 20860 | Orc:2    | Found a staircase to the Elven Halls.
 21114 | Spider:1 | Entered Level 1 of the Spider Nest
 21197 | Spider:1 | Noticed Louise
 21209 | Spider:1 | Killed Louise
 21350 | Spider:1 | Reached XP level 16. HP: 89/115 MP: 23/23
 21965 | Spider:1 | Reached skill level 10 in Invocations
 22756 | Spider:2 | Noticed Arachne
 22809 | Spider:2 | Killed Arachne
 22836 | Spider:2 | HP: 5/116 [entropy weaver (9)]
 22836 | Spider:2 | HP: 2/116 [entropy weaver (3)]
 22836 | Spider:2 | Slain by an entropy weaver

Vault maps used:
D:1:      saegor_arrival_simple_b
D:2:      uniq_robin
D:3:      gammafunk_temple_overflow_wave, serial_bayou_lagoon_b, uniq_natasha
D:4:      uniq_sigmund
D:5:      serial_bayou, serial_bayou_lagoon_a, serial_bayou_crossing,
          serial_bayou_pond_d, serial_bayou_pond_a, first_bread,
          nrook_mini_backslash
D:7:      zin_scriptorium, uniq_crazy_yiuf_cottage
D:8:      grunt_temple_overflow_open, enter_bailey_3,
          hangedman_little_slice_of_home, corner_web_ring
D:9:      minmay_lair_entry_grove, serial_shops, shop, shop_coins, shop_statue,
          shop
D:10:     uniq_josephine
D:11:     orc_0_dummy, wad_rectangle_vault
D:12:     lemuel_bear_cage
Temple:   nicolae_temple_elliptical
Lair:1:   st_stairs_13, columned_hall_lemuel, grunt_megastairs_4
Lair:2:   serial_bayou_shore_b, infiniplex_staircase_pool
Lair:3:   minmay_swamp_entry_worms, portal_ice_cave_rime, st_stairs_10,
          uniq_rupert
Lair:4:   spider_nest_entry_web_field, uniq_nessos, uniq_kirke
Lair:5:   dpeg_slime_entry_enclosed_altar, infiniplex_staircase_pool_2
Lair:6:   wormcave, hangedman_lair_tendril_chambers, lemuel_old_faithful
Swamp:1:  nicolae_swamp_godswood, swamp_pool2
Spider:1: uniq_louise
Spider:2: uniq_arachne
Orc:1:    basic_altar, serial_shops, nicolae_shop_crystal, uniq_erica
Orc:2:    pubby_orc_utopia
Bailey:   bailey_polearm_5, bailey
IceCv:    ice_cave_small_dragons

Skill      XL: |  1  2  3  4  5  6  7  8  9 10 11 12 13 14 15 16 |
---------------+-------------------------------------------------+-----
Dodging        | 2 3 6 8 9 |  9.8
Throwing       | 4 |  4.6
Unarmed Combat | 1 3 4 6 8 13 14 15 16 17 | 17.6
Armour         | 1 2 3 4 5 6 7 8 9 10 11 | 11.5
Invocations    | 3 4 6 9 10 | 10.5
Fighting       | 4 6 7 |  7.7
Stealth        | |  0.8

Action                   |  1- 3 |  4- 6 |  7- 9 | 10-12 | 13-15 | 16-18 || total
-------------------------+-------+-------+-------+-------+-------+-------++-------
Melee: Short sword       |    92 |       |       |       |       |       ||    92
       Dagger            |    74 |   166 |       |       |       |       ||   240
       Punch             |       |     2 |    18 |    48 |    93 |    24 ||   185
       Unarmed           |       |    67 |   561 |   853 |  1184 |   204 ||  2869
 Fire: Blowgun           |       |       |       |       |     2 |       ||     2
Throw: Javelin           |       |    10 |    15 |       |       |       ||    25
       Throwing net      |       |     2 |     1 |       |       |       ||     3
       Tomahawk          |       |       |       |       |     3 |       ||     3
Invok: Lesser Servant of |       |       |       |    13 |    13 |     3 ||    29
       Major Destruction |       |       |       |       |       |     5 ||     5
       Minor Destruction |       |       |       |       |       |     4 ||     4
       Greater Servant o |       |       |       |       |       |     1 ||     1
Evoke: Wand              |       |       |     2 |     2 |    17 |     4 ||    25
       Sack of spiders   |       |       |       |     1 |       |       ||     1
       Lamp of fire      |       |       |       |       |     1 |       ||     1
  Use: Scroll            |       |     7 |    10 |    16 |    11 |     3 ||    47
       Potion            |       |     1 |     5 |     3 |    10 |     6 ||    25
 Stab: Sleeping          |       |     2 |       |       |       |       ||     2
       Distracted        |       |     1 |       |     2 |     1 |       ||     4
       Invisible         |       |       |       |       |     3 |     2 ||     5
  Eat: Chunk             |       |    10 |    23 |    17 |    30 |     1 ||    81
       Beef jerky        |       |       |     1 |     2 |       |     2 ||     5
       Pizza             |       |       |       |       |       |     4 ||     4
Armor: Leather armour    |    13 |       |       |       |       |       ||    13
       Ring mail         |    54 |       |       |       |       |       ||    54
       Animal skin       |       |    85 |    28 |       |       |       ||   113
       Chain mail        |       |       |   234 |   123 |   104 |   235 ||   696
       Plate armour      |       |       |       |   281 |   356 |       ||   637
Dodge: Dodged            |    94 |   150 |   282 |   348 |   591 |   228 ||  1693
